 Dungeon Crawl Stone Soup version bcrawl-1.12-8-g964540c432 (webtiles) character file.

Game seed: 585085186401536588

28 MisterOstroum the Sneak (level 3, 27/29 HPs)
             Began as a Demonspawn Archaeologist on June 5, 2019.
             Quit the game on level 2 of the Dungeon.
             The game lasted 00:02:34 (1229 turns).

MisterOstroum the Sneak (Demonspawn Archaeologist)  Turns: 1229, Time: 00:02:34

Health: 27/29      AC:  9    Str: 12    XL:     3   Next: 0%
Magic:  3/3        EV: 12    Int: 15    God:
Gold:   38         SH:  0    Dex: 11    Spells: 2/2 levels left

rFire    . . .     SeeInvis .   j - +0 dagger
rCold    . . .     Gourm    .   (no shield)
rNeg     . . .     Faith    .   a - +1 robe
rPois    .         Spirit   .   b - +1 hat
rElec    .         Reflect  .   n - +0 cloak (curse)
rCorr    .         Harm     .   d - +1 pair of gloves
MR       .....                  c - +1 pair of boots
Stlth    ++........             (no amulet)
HPRegen  0.09/turn              (no ring)
MPRegen  0.08/turn              (no ring)

@: studying Armour
A: spiny 1
a: no special abilities


You were on level 2 of the Dungeon.
You were not hungry.

You visited 1 branch of the dungeon, and saw 2 of its levels.

You collected 38 gold pieces.

Inventory:

Hand Weapons
 i - a +0 whip
 j - a +0 dagger (weapon)
Armour
 a - a +1 robe (worn)
 b - a +1 hat (worn)
 c - a +1 pair of boots (worn)
 d - a +1 pair of gloves (worn)
 n - a cursed +0 cloak (worn)
Scrolls
 k - a scroll of remove curse {unknown}
 m - a scroll of enchant armour {unknown}
Potions
 h - 2 potions of curing {unknown}
Books
 g - a manual of Armour
Miscellaneous
 f - an ancient crate
Comestibles
 e - 2 rations {!d}
 l - 3 chunks of flesh


   Skills:
 + Level 3.0 Fighting
 + Level 0.0 Armour
 - Level 2.6 Dodging
 - Level 3.0 Stealth


You had 2 spell levels left.
You didn't know any spells.
Your spell library was empty.

Dungeon Overview and Level Annotations

Branches:
Dungeon (2/12)

Altars:


Innate Abilities, Weirdness & Mutations

You are partially covered in sharp spines.


Message History

This raw flesh tastes terrible.
You open the door. 2 jackals come into view.
The jackal barks!
You hear a bark!
A jackal comes into view.
There are monsters nearby!
There are monsters nearby!
There is an open door here.
You hit the jackal.
The jackal is lightly wounded.
The jackal bites you but does no damage.
The jackal is struck by your spines.
The jackal bites you but does no damage.
You hit the jackal.
The jackal is almost dead.
The jackal bites you but does no damage.
The jackal barely misses you.
The jackal bites you but does no damage.
The jackal is struck by your spines. The jackal barely misses you.
You barely miss the jackal.
The jackal is almost dead.
The jackal bites you but does no damage.
The jackal is struck by your spines.
The jackal bites you but does no damage.
The jackal is struck by your spines. The jackal barely misses you.
The jackal is struck by your spines.
You kill the jackal!
The jackal misses you.
You closely miss the jackal.
The jackal is severely wounded.
The jackal bites you but does no damage.
The jackal is struck by your spines.
You kill the jackal!
You miss the jackal.
The jackal is severely wounded.
The jackal is struck by your spines. The jackal closely misses you.
The jackal misses you.
You closely miss the jackal.
The jackal is almost dead.
The jackal bites you but does no damage.
You hit the jackal.
You kill the jackal!
Your Fighting skill increases to level 3!
No target in view!
No target in view!
No target in view!
No target in view!
No target in view!
No target in view!
No target in view!
No target in view!
No target in view!
No target in view!
No target in view!
No target in view!
No target in view!
No target in view!
No target in view!
No target in view!
No target in view!
No target in view!
No target in view!
No target in view!
You butcher the jackal corpse.
l - 2 chunks of flesh (gained 1)
You see here a jackal skeleton. x2
You butcher the jackal corpse.
l - 3 chunks of flesh (gained 1)
You see here a jackal skeleton. x2
There is an open door here.
You see here a dagger.
Things that are here:
a +0 dagger; a goblin skeleton You see here a robe.
You see here a robe.
You see here a +0 dagger.
Done exploring.
Done exploring.
(D) Dungeon
Where to? (? - help)
There is a stone staircase leading down here.
You climb downwards.
A kobold comes into view.
The kobold shouts!
Found 155 javelins.
Found an escape hatch in the ceiling.
Found a stone staircase leading down.
There is a stone staircase leading up here.
The kobold throws a stone.
The stone barely misses you.
The kobold throws a stone.
The stone hits you but does no damage.
You barely miss the kobold. The kobold hits you but does no damage.
You barely miss the kobold. The kobold misses you.
You completely miss the kobold. The kobold hits you.
You hit the kobold.
You kill the kobold!
You have reached level 3!
Your experience leads to an increase in your attributes!
Increase (S)trength, (I)ntelligence, or (D)exterity?
You feel stronger.
You have an epiphany!
The dusty tome is a manual of Armour!
Reading it may be key to unlocking the crate...
Are you sure you want to abandon this character and quit the game? (Confirm with "yes".)

#### ###...
....# #.(#
######.@##
......<..######
###............
#....<...####
#........#
#....(...#
#.#.....##
........##
###.##.#.#


There were no monsters in sight!

Vanquished Creatures
  A worm (D:1)
  A dart slug (D:1)
  2 bats (D:1)
  4 goblins (D:1)
  A hobgoblin (D:1)
  3 jackals (D:1)
  2 frilled lizards (D:1)
  4 kobolds
  7 rats (D:1)
25 creatures vanquished.

Notes
Turn   | Place    | Note
-------+----------+-------------------------------------------
     0 | D:1      | MisterOstroum the Demonspawn Archaeologist began the quest
                  | for the Orb.
     0 | D:1      | Reached XP level 1. HP: 15/15 MP: 1/1
   491 | D:1      | Gained mutation: You are partially covered in sharp spines.
                  | [demonic ancestry]
   491 | D:1      | Reached XP level 2. HP: 22/22 MP: 2/2
  1228 | D:2      | Reached XP level 3. HP: 27/29 MP: 3/3
  1229 | D:2      | Quit the game

Skill      XL: |  1  2 |
---------------+-------+-----
Fighting       | 2 3 |  3.0
Dodging        | |  2.6
Stealth        | |  3.0

Action                   || total
-------------------------++-------
Melee: Dagger            ||    70
       Whip              ||    10
 Stab: Sleeping          ||     6
  Eat: Chunk             ||     1
Armor: Robe              ||    26
Dodge: Dodged            ||    32
